 Dungeon Crawl Stone Soup version 0.30-a0-772-g5528072125 (webtiles) character file.

Game seed: 13223166198549957208

11 FallingFreak the Grasshopper (level 2, 0/23 HPs)
             Began as a Formicid Warper on Feb 13, 2023.
             Succumbed to a goblin's poison
             ... on level 1 of the Dungeon.
             The game lasted 00:02:23 (455 turns).

FallingFreak the Grasshopper (Formicid Warper)       Turns: 455, Time: 00:02:23

Health: 0/23       AC:  3    Str: 15    XL:     2   Next: 35%
Magic:  5/5        EV: 11    Int: 12    God:
Gold:   19         SH:  0    Dex: 13    Spells: 5/5 levels left

rFire   . . .      SeeInvis +    a - +0 mace
rCold   . . .      Faith    .    (no shield)
rNeg    . . .      Spirit   .    b - +0 leather armour
rPois   .          Reflect  .    (helmet unavailable)
rElec   .          Harm     .    (no cloak)
rCorr   .          Rampage  .    (no gloves)
Will    .....                    (no boots)
Stlth   +                        (no amulet)
HPRegen 0.23/turn                (no ring)
MPRegen 0.09/turn                (no ring)

@: lethally poisoned (0 -> -23)
A: permanent stasis, dig shafts and tunnels, antennae 3, four strong arms
a: Dig, Shaft Self


You were on level 1 of the Dungeon.
You visited 1 branch of the dungeon, and saw 1 of its levels.

You collected 19 gold pieces.

Inventory:

Hand Weapons
 a - a +0 mace (weapon)
Missiles
 c - 3 stones (quivered)
 d - 7 boomerangs of dispersal {!f}
Armour
 b - a +0 leather armour (worn)
Scrolls
 e - 2 scrolls of poison {unknown}
 f - a scroll of blinking
Potions
 g - a potion of brilliance {unknown}
 h - a potion of heal wounds {unknown}
 i - a potion of lignification {unknown}
 j - a potion of resistance {unknown}
 k - a potion of flight {unknown}


   Skills:
 + Level 2.4 Fighting
 + Level 2.1 Maces & Flails
 - Level 1.0 Throwing
 + Level 1.4 Armour
 - Level 1.7 Dodging
 + Level 2.3 Spellcasting
 + Level 2.8 Translocations


You had 5 spell levels left.
You didn't know any spells.
Your spell library contained the following spells:

 Spells                   Type           Power      Damage    Failure   Level
 Lesser Beckoning         Tloc           16%        N/A       16%         2
 Teleport Other           Tloc           8%         N/A       30%         3
 Vhi's Electric Charge    Tloc/Air       8%         N/A       47%         3
 Manifold Assault         Tloc           8%         N/A       69%         4
 Blink                    Tloc           Unusable   N/A       N/A         2

Dungeon Overview and Level Annotations

Branches:
Dungeon (1/15) Zot: 5533

Altars:


Innate Abilities, Weirdness & Mutations

You cannot be hasted, slowed, berserked, paralysed or teleported.
You can dig through walls and to a lower floor.
You have a pair of large antennae on your head. (SInv)
Your four strong arms can wield two-handed weapons with a shield.


Message History

Press: ? - help, Dir - move target, f/p - goblin
Aim: a goblin, wielding a +2 dagger of venom (about 47% to evade your +0 mace)
You completely miss the goblin. The goblin closely misses you.
Unknown command.
Hit: a) +0 mace
Press: ? - help, Dir - move target, f/p - goblin
Aim: a goblin, wielding a +2 dagger of venom (about 47% to evade your +0 mace)
You closely miss the goblin. You punch the goblin.
The goblin is moderately wounded.
The goblin hits you but does no damage.
You are poisoned.
The goblin hits you with a +2 dagger of venom.
You are more poisoned.
Unknown command.
Hit: a) +0 mace
Press: ? - help, Dir - move target, f/p - goblin
Aim: a goblin, wielding a +2 dagger of venom (moderately wounded, about 47% to evade your +0 mace)
You miss the goblin.
The goblin is moderately wounded.
You feel very sick.
The goblin hits you with a +2 dagger of venom.
You are lethally poisoned!
Unknown command.
Hit: a) +0 mace
Press: ? - help, Dir - move target, f/p - goblin
Aim: a goblin, wielding a +2 dagger of venom (moderately wounded, about 47% to evade your +0 mace)
You barely miss the goblin.
The goblin is moderately wounded.
* * * LOW HITPOINT WARNING * * *
You feel very sick.
The goblin hits you with a +2 dagger of venom.
* * * LOW HITPOINT WARNING * * *
You are more poisoned.
Unknown command.
Hit: a) +0 mace
Press: ? - help, Dir - move target, f/p - goblin
Aim: a goblin, wielding a +2 dagger of venom (moderately wounded, about 47% to evade your +0 mace)
You closely miss the goblin.
The goblin is moderately wounded.
You die...

##.##.###.##.....#
......... #.....#
#..@.....# .###...#.
#..##.###.##g......
........ #..##.....#
....... .>.......
#.....#.### .......
.......≈≈ #
#...........#....##
.#....≈≈≈ #
#[......##.........
##..≈≈≈≈ #
#................##
#..≈≈≈≈
#######.......##....##.#
#.≈≈### .............##
.# #.≈≈#..
..†.........## .. ###.≈
##. ........##.## #.#
...≈ ##. ##########.#
#.# # #.≈##.# ## #.# #.#
#.#..#.## .# #.# #.#
#.....##≈ .#########.##
#.# ####..#≈≈
........#...#####.#
##..≈≈


You could see a goblin.

Vanquished Creatures
  An endoplasm (D:1)
  A giant cockroach (D:1)
  2 hobgoblins (D:1)
  2 jackals (D:1)
  A quokka (D:1)
  A bat (D:1)
  A kobold (D:1)
9 creatures vanquished.

Notes
Turn   | Place    | Note
-------+----------+-------------------------------------------
     0 | D:1      | FallingFreak the Formicid Warper began the quest for the
                  | Orb.
     0 | D:1      | Reached XP level 1. HP: 16/16 MP: 3/3
   252 | D:1      | Reached XP level 2. HP: 19/23 MP: 5/5
   455 | D:1      | Succumbed to a goblin's poison

Illustrated notes

Levels and vault maps discovered:
D:1:      dpeg_arrival_stone_temple_mockup, layout_loops_ring,
          grunt_decor_junction

Action                     || total
---------------------------++-------
  Melee: Mace              ||    39
         Punch             ||     1
  Throw: Stone             ||     5
 Armour: Leather armour    ||    13
  Dodge: Dodged            ||    25

Table legend: (Time is in decaauts)
 A = Elapsed time spent in this place.
 B = Non-inter-level travel time spent in this place.
 C = Inter-level travel time spent in this place.
 D = Time resting spent in this place.
 E = Time spent auto-exploring this place.
 F = Levels seen in this place.
 G = Mean time per level.
                   A        B        C        D        E       F      G
               +--------+--------+--------+--------+--------+-----+--------+
         Total |    466 |    466 |      0 |      0 |    336 |   1 |  466.0 |
       Dungeon |    466 |    466 |      0 |      0 |    336 |   1 |  466.0 |
               +--------+--------+--------+--------+--------+-----+--------+

Top non-repeatable levels by time:
     D:1: 466 daAuts
